 Dungeon Crawl Stone Soup version 0.22-a0-782-g038298e (webtiles) character file.

13 Leszczynek the Sneak (level 2, -2/19 HPs)
             Began as a Vampire Conjurer on July 20, 2018.
             Slain by a gnoll
             ... wielding a +0 whip
              (8 damage)
             ... on level 2 of the Dungeon.
             The game lasted 00:03:41 (358 turns).

Leszczynek the Sneak (Vampire Conjurer)              Turns: 358, Time: 00:03:42

Health: -2/19      AC:  2    Str:  7 (9)  XL:     2   Next: 24%
Magic:  5/5        EV:  6    Int: 14 (15) God:
Gold:   35         SH:  0    Dex: 10 (12) Spells: 4/5 levels left

rFire    . . .     SeeInvis +   g - +0 short sword
rCold    . . .     Gourm    .   (no shield)
rNeg     + . .     Faith    .   a - +0 robe
rPois    .         Spirit   .   (helmet restricted)
rElec    +         Reflect  .   (no cloak)
rCorr    .         Harm     .   (no gloves)
MR       .....     Rnd*Tele +   (no boots)
Stlth    ++........             (no amulet)
HPRegen  0.06/turn              i - -2 ring of dexterity (curse)
MPRegen  0.09/turn              m - ring of teleportation (curse)

@: held
A: fangs 3, horns 1, see invisible, dopey 1, electricity resistance, strong 1,
unbreathing
a: no special abilities


You were on level 2 of the Dungeon.
You were not thirsty.

You visited 1 branch of the dungeon, and saw 2 of its levels.

You collected 35 gold pieces.

Inventory:

Hand Weapons
 g - a +0 short sword (weapon)
Armour
 a - a +0 robe (worn)
Jewellery
 i - a cursed -2 ring of dexterity (left hand)
 m - a cursed ring of teleportation (right hand)
Wands
 l - a wand of enslavement (12)
Potions
 c - 5 potions of blood {@q0}


   Skills:
 - Level 2.1 Dodging
 - Level 3.0 Stealth
 + Level 2.2 Unarmed Combat
 - Level 2.0 Spellcasting
 - Level 2.9 Conjurations


You had 4 spell levels left.
You knew the following spells:

 Your Spells              Type           Power        Failure   Level  Hunger
a - Magic Dart            Conj           #...         7%          1    ##.....

Your spell library contained the following spells:

 Spells                   Type           Power        Failure   Level  Hunger
 Iskenderun's Mystic Bla  Conj           #.......     56%         4    #####..
 Fulminant Prism          Conj/Hex       #.........   78%         4    #####..
 Dazzling Spray           Conj/Hex       #.....       36%         3    ####...
 Force Lance              Conj/Tloc      #.......     78%         4    #####..
 Searing Ray              Conj           #.....       11%         2    ###....


Dungeon Overview and Level Annotations

Branches:
Dungeon (2/15)

Altars:


Innate Abilities, Weirdness & Mutations

You have razor-sharp teeth.
You have supernaturally acute eyesight. (SInv)
You can survive without breathing.
You have a pair of small horns on your head.
You are dopey. (Int -2)
You are resistant to electric shocks. (rElec)
Your muscles are strong. (Str +2)


Message History

Unknown command.
You aren't carrying any scrolls.
It was a potion of mutation.
You feel extremely strange.
You feel stupid.
You feel stronger. A pair of horns grows on your head!
You feel insulated.
The gnoll hits you from afar with a spear.
The giant cockroach bites you but does no damage.
It was a potion of curing.
You feel better. The gnoll barely misses you.
The gnoll hits you but does no damage. The gnoll barely misses you.
The giant cockroach bites you but does no damage.
It was a potion of degeneration.
There was something very wrong with that liquid.
You feel weakened.
You feel dopey.
You feel clumsy.
The gnoll hits you from afar with a spear.
The gnoll barely misses you. The giant cockroach bites you.
The gnoll hits you with a whip.
You feel better. The giant cockroach bites you. The gnoll barely misses you.
The gnoll hits you from afar with a spear.
The gnoll hits you with a whip!
You die...

,,,,,,,,,,,,*
*,,,,,,,,,,,*
****,,,,,,,,*
*.......,,,,* *,,,,,.,,*
*.......,,,,* *,,,,,..,*
*....%..,,,,*
*,,,,,...*****.......,,,,*
****,,....,,**......[,,,,*
* *,,.....,**g......,,,,**
* *,,......##s......,,>,,*
* *,,.......@gg.....,,,,,*
* ***####...........,,,,,*
* #...........,,,,,*** *
############****,*,** *
*,*,,< * *,*,** * *,*,,, *
*,*,** * *,*,,,


You could see 3 gnolls and a giant cockroach.

Vanquished Creatures
  A dart slug (D:1)
  4 bats
  A goblin (D:2)
  2 kobolds (D:1)
  A ball python (D:1)
  A rat (D:1)
10 creatures vanquished.

Notes
Turn   | Place    | Note
-------+----------+-------------------------------------------
     0 | D:1      | Leszczynek the Vampire Conjurer began the quest for the Orb.
     0 | D:1      | Reached XP level 1. HP: 13/13 MP: 3/3
    85 | D:1      | Reached skill level 1 in Unarmed Combat
   213 | D:1      | Reached XP level 2. HP: 16/19 MP: 0/5
   234 | D:1      | Reached skill level 2 in Unarmed Combat
   355 | D:2      | Gained mutation: You are dopey. (Int -2) [potion of mutation]
   355 | D:2      | Gained mutation: Your muscles are strong. (Str +2) [potion of mutation]
   355 | D:2      | Gained mutation: You have a pair of small horns on your head. [potion of mutation]
   355 | D:2      | Gained mutation: You are resistant to electric shocks. (rElec) [potion of mutation]
   358 | D:2      | Slain by a gnoll

Vault maps used:
D:1:      shiori_arrival_elements
D:2:      first_ration, uniq_terence

Skill      XL: |  1  2 |
---------------+-------+-----
Unarmed Combat | 1 2 |  2.2
Dodging        | |  2.1
Stealth        | |  3.0
Spellcasting   | |  2.0
Conjurations   | |  2.9

Action                   || total
-------------------------++-------
Melee: Short sword       ||     4
 Cast: Magic Dart        ||    19
  Use: Scroll            ||     4
       Potion            ||     4
Armor: Robe              ||     3
Dodge: Dodged            ||    10

Table legend:
 A = Spawn XP
 B = Non-spawn XP
 C = Spawn XP percentage of total XP
 D = Spawn monster count
 E = Non-spawn monster count
 F = Spawn count percentage of total count
 G = Total turns spent on level
                    A         B        C        D         E        F      G
               +---------+---------+-------+---------+---------+-------+---------
         Total |       0 |      19 |   0.0 |       0 |      10 |   0.0 |   358
               +---------+---------+-------+---------+---------+-------+---------
           D:1 |       0 |      15 |   0.0 |       0 |       8 |   0.0 |   276
           D:2 |       0 |       4 |   0.0 |       0 |       2 |   0.0 |    82
               +---------+---------+-------+---------+---------+-------+---------
